 Dungeon Crawl Stone Soup version 0.31-a0-277-g31ea1f65cc (webtiles) character file.

Game seed: 1700871569627820749

11914 bjtr the Geomancer (level 11, 0/57 HPs)
             Began as a Gargoyle Earth Elementalist on July 15, 2023.
             Was an Elder of Vehumet.
             Slain by a centaur warrior simulacrum (27 damage)
             ... in a Gauntlet.
             The game lasted 01:00:10 (11395 turns).

bjtr the Geomancer (Gargoyle Earth Elementalist)   Turns: 11395, Time: 01:00:11

Health: 0/57       AC: 18    Str: 12    XL:     11   Next: 85%
Magic:  24/25      EV: 11    Int: 20    God:    Vehumet [****..]
Gold:   340        SH:  3    Dex: 10    Spells: 8/30 levels left

rFire   . . .        b - staff of earth
rCold   . . .        T - +0 buckler
rNeg    + . .        K - +0 troll leather armour
rPois   ∞            j - +1 helmet
rElec   +            (no cloak)
rCorr   .            L - +1 pair of gloves
SInv    .            G - +1 pair of boots
Will    .....        H - amulet of the acrobat
Stlth   ++           u - ring of flight
HPRegen 1.09/turn    (no ring)
MPRegen 0.19/turn

%: no teleportation, acrobat
@: flying
A: sickness immunity, AC +8, negative energy resistance 1, electricity
resistance, torment resistance 1, petrification resistance
a: Renounce Religion


You were in a Gauntlet.
You worshipped Vehumet.
Vehumet was greatly pleased with you.
You visited 2 branches of the dungeon, and saw 12 of its levels.
You also visited: Gauntlet.

You collected 604 gold pieces.
You spent 264 gold pieces at shops.

Inventory:

Hand Weapons
 a - a +0 morningstar of venom
 l - a +1 scythe of venom
 p - a +0 spear
 s - a +2 trident of flaming
 y - a +1 flail of draining
 z - a +1 dagger of speed
Missiles
 d - 8 boomerangs
 t - 2 javelins
 v - 5 throwing nets
 x - 43 poisoned darts
 A - 6 atropa-tipped darts
 C - 2 curare-tipped darts
Armour
 j - a +1 helmet (worn)
 G - a +1 pair of boots (worn)
 K - a +0 troll leather armour (worn)
 L - a +1 pair of gloves (worn)
 Q - +0 acid dragon scales
 S - a +4 chain mail of positive energy
 T - a +0 buckler (worn)
Magical Staves
 b - a staff of earth (weapon)
 E - a staff of poison
Jewellery
 u - a ring of flight (left hand)
 H - an amulet of the acrobat (around neck)
Talismans
 F - a storm talisman
 J - a maw talisman
Wands
 k - a wand of polymorph (22)
 w - a wand of flame (3)
 D - a wand of iceblast (4)
 O - a wand of digging (2)
 R - a wand of acid (3)
Scrolls
 f - a scroll of fog
 m - 2 scrolls of blinking
 n - 2 scrolls of teleportation
 r - a scroll of vulnerability
Potions
 c - 3 potions of might
 e - 2 potions of enlightenment
 g - 2 potions of mutation
 h - a potion of berserk rage
 i - a potion of brilliance
 o - a potion of invisibility
 q - 2 potions of cancellation
 B - a potion of haste
 I - a potion of heal wounds
 N - 2 potions of lignification {unknown}
 P - a potion of magic


   Skills:
 + Level 2.2 Fighting
 * Level 6.3 Staves
 + Level 3.1 Armour
 + Level 2.4 Dodging
 - Level 3.8 Stealth
 * Level 10.0 Spellcasting
 + Level 0.8 Conjurations
 - Level 0.7 Transmutations
 * Level 12.9 Earth Magic
 * Level 6.5 Evocations


You had 8 spell levels left.
You knew the following spells:

 Your Spells              Type           Power      Damage    Failure   Level
a - Sandblast             Erth           100%       2d20      1%          1
b - Passwall              Tmut/Erth      45%        N/A       1%          2
c - Stone Arrow           Conj/Erth      100%       3d13      1%          3
d - Petrify               Tmut/Erth      54%        N/A       8%          4
e - Searing Ray           Conj           26%        2d5       4%          2
f - Olgreb's Toxic Radia  Pois           10%        N/A       30%         4
g - Hailstorm             Conj/Ice       11%        3d5       9%          3
h - Swiftness             Air            10%        N/A       36%         3

Your spell library contained the following spells:

 Spells                   Type           Power      Damage    Failure   Level
 Ensorcelled Hibernation  Hex/Ice        20%        N/A       19%         2
 Lesser Beckoning         Tloc           20%        N/A       19%         2
 Gell's Gravitas          Tloc           10%        N/A       36%         3
 Teleport Other           Tloc           10%        N/A       36%         3


Dungeon Overview and Level Annotations

Branches:
Dungeon (11/15)            Temple (1/1) D:4            Lair (0/5) D:10
Gauntlet (1/1)
    Orc: D:9-12

Altars:
Ashenzari
Cheibriados
Dithmenos
Elyvilon
Fedhas
Gozag
Hepliaklqana
Kikubaaqudgha
Makhleb
Nemelex Xobeh
Okawaru
Qazlal
Ru
Sif Muna
Trog
Uskayaw
Vehumet
Wu Jian
Xom
Yredelemnul
Zin
The Shining One

Shops:
D:3 (   D:6 :   D:10 [

Annotations:
Gauntlet 9 transporters, 16 runed translucent doors, exclusion: orange crystal statue


Innate Abilities, Weirdness & Mutations

You are immune to sickness and miasma.
Your stone body is resilient. (AC +8)
You are immune to poison.
You resist negative energy. (rN+)
You are resistant to electric shocks. (rElec)
You are resistant to unholy torment.
You are immune to petrification.


Message History

There is an open translucent door here.
You reach down and open the large door.
There is a large open translucent door here.
You reach down and open the large door.
The hornet simulacrum attacks as you move away!
The hornet simulacrum hits you. The hornet simulacrum freezes you!
You block the hornet simulacrum's attack.
Unknown command.
Casting: Sandblast (safe; 1% risk of failure)
Confirm with . or Enter, or press ? or * to list all spells.
Aiming: Sandblast (safe; 1% risk of failure)
Press: ? - help, Shift-Dir - straight line, f - centaur warrior simulacrum
Aim: a centaur warrior simulacrum (99% to hit)
You feel a surge of power!
The blast of sand hits the hornet simulacrum!
The hornet simulacrum is heavily damaged.
The hornet simulacrum barely misses you.
You block the hornet simulacrum's attack.
The hornet simulacrum attacks as you move away!
You block the hornet simulacrum's attack.
The centaur warrior simulacrum attacks as you move away!
The centaur warrior simulacrum hits you but does no damage.
The centaur warrior simulacrum kicks you but does no damage.
The hornet simulacrum attacks as you move away!
The hornet simulacrum barely misses you.
There is an open translucent door here.
Casting: Sandblast (safe; 1% risk of failure)
Confirm with . or Enter, or press ? or * to list all spells.
Aiming: Sandblast (safe; 1% risk of failure)
Press: ? - help, Shift-Dir - straight line, f/p - centaur warrior simulacrum
Aim: a centaur warrior simulacrum (99% to hit)
You feel a surge of power!
The blast of sand hits the centaur warrior simulacrum.
The centaur warrior simulacrum is lightly damaged.
The centaur warrior simulacrum hits you.
The centaur warrior simulacrum freezes you!
The centaur warrior simulacrum kicks you but does no damage.
The centaur warrior simulacrum hits you.
The centaur warrior simulacrum freezes you!!
You die...

###..###########...##########
#.....#.©.#....≈...........
###...8.#...#...≈8≈..........
#8#.....#.©.#....≈...........
###..###########...##########
#..#...+..+..#.8.#....©....
###..#...+..+..#...#..##.##..
#8#..#..##++#++#####.#..#..#.
###..#?Z+..Z@..#...#.#..#..#.
#..#©.+..Z#.©#©.©#..#####..
###..#..+..Z+..#...#.#..#©.#.
#8#..#..##''#++#####.#..#).#.
###..#...'..+..#...#..##.##..
#..#...'..+..#.8.#.........
###..###########...##########
#8#.....................©....
###≈.........................


You could see a hornet simulacrum, 2 centaur warrior simulacra and a meliai
simulacrum.

Vanquished Creatures
  Erolcha (D:10)
  3 death yaks (D:10)
  A troll (D:7)
  Sigmund (D:6)
  A shadow (D:10)
  4 slime creatures (D:10)
  A wraith (D:10)
  A wyvern (D:10)
  16 yaks
  A steam dragon (D:10)
  A warg (D:7)
  An acid dragon (D:10)
  Edmund (D:6)
  An ice beast (D:8)
  2 black bears
  3 orc warriors (D:7)
  2 sky beasts
  3 centaurs
  5 ogres (D:7)
  The ghost of knightboat the Shooter, an amateur TeHu (D:3)
  6 kobold brigands
  A bullfrog (D:6)
  3 gnoll sergeants
  2 scorpions
  11 wights
  A water moccasin skeleton (D:4)
  2 vampire bats (D:6)
  9 howler monkeys
  10 hounds
  2 jellies
  9 orc priests
  A bullfrog skeleton (D:4)
  A centaur skeleton (D:4)
  3 iguanas
  5 gnoll boudas
  12 orc wizards
  30 gnolls
  8 adders
  A howler monkey skeleton (D:4)
  A river rat (D:10)
  A shadow imp (D:5)
  5 white imps
  An ufetubus (D:6)
  2 worms (D:2)
  The ghost of AwFulAwFulPlayer the Sneak, a weakling DrDe (D:4)
  A dart slug (D:1)
  34 orcs
  8 ball pythons
  2 bat skeletons (D:6)
  4 bat zombies (D:6)
  8 endoplasms
  2 giant cockroaches (D:4)
  6 goblins
  6 hobgoblins
  4 jackals (D:1)
  16 kobolds
  5 quokkas
  A bat (D:1)
  2 frilled lizards (D:1)
  4 rats
281 creatures vanquished.

Vanquished Creatures (others)
  A wizard (Gauntlet)
1 creature vanquished.

Grand Total: 282 creatures vanquished

Notes
Turn   | Place    | Note
-------+----------+-------------------------------------------
     0 | D:1      | bjtr the Gargoyle Earth Elementalist began the quest for
                  | the Orb.
     0 | D:1      | Reached XP level 1. HP: 10/10 MP: 3/3
    66 | D:1      | Reached skill level 4 in Earth Magic
    66 | D:1      | Reached XP level 2. HP: 15/15 MP: 0/5
   534 | D:1      | Reached XP level 3. HP: 19/19 MP: 4/6
   912 | D:2      | Found a sacrificial altar of Ru.
  1260 | D:2      | Learned a level 2 spell: Passwall
  1264 | D:2      | Learned a level 3 spell: Stone Arrow
  1701 | D:2      | Reached skill level 5 in Earth Magic
  1701 | D:2      | Reached XP level 4. HP: 14/24 MP: 4/8
  1855 | D:3      | Reached XP level 5. HP: 15/28 MP: 5/9
  2200 | D:3      | Found Xugathriwn's Weapon Shoppe.
  2300 | D:3      | Found a runed translucent door.
  2305 | D:3      | Noticed knightboat's ghost (amateur TeHu)
  2412 | D:3      | Reached skill level 1 in Armour
  2417 | D:3      | Found a stormy altar of Qazlal.
  2476 | D:3      | Killed knightboat's ghost
  2477 | D:3      | Reached skill level 6 in Earth Magic
  2477 | D:3      | Reached XP level 6. HP: 32/32 MP: 7/10
  2505 | D:3      | Learned a level 4 spell: Petrify
  2594 | D:4      | Found a staircase to the Ecumenical Temple.
  2603 | Temple   | Entered the Ecumenical Temple
  2775 | Temple   | Became a worshipper of Vehumet
  2823 | D:4      | Reached skill level 1 in Evocations
  2995 | D:4      | Found a snail-covered altar of Cheibriados.
  3040 | D:4      | Noticed a black bear
  3048 | D:4      | Killed a black bear
  3049 | D:4      | Reached skill level 1 in Staves
  3189 | D:4      | Found a runed translucent gate.
  3190 | D:4      | Found a runed translucent gate.
  3190 | D:4      | Found a runed translucent gate.
  3190 | D:4      | Noticed AwFulAwFulPlayer's ghost (weakling DrDe)
  3327 | D:4      | Reached XP level 7. HP: 36/36 MP: 10/12
  3761 | D:4      | Reached * piety under Vehumet
  3761 | D:4      | Offered knowledge of Foxfire by Vehumet.
  3764 | D:4      | Reached skill level 7 in Earth Magic
  3944 | D:4      | Killed AwFulAwFulPlayer's ghost
  3993 | D:5      | Entered Level 5 of the Dungeon
  4344 | D:5      | Found a basalt altar of Yredelemnul.
  4420 | D:5      | Found a shadowy altar of Dithmenos.
  4455 | D:5      | Upgraded the game from 0.31-a0-271-gb88eb75e06 to
                  | 0.31-a0-277-g31ea1f65cc
  4529 | D:5      | Reached XP level 8. HP: 42/42 MP: 11/14
  4663 | D:5      | Reached skill level 8 in Earth Magic
  4744 | D:5      | Found a shimmering altar of Xom.
  4843 | D:5      | Found a burning altar of Makhleb.
  5207 | D:6      | Noticed Sigmund
  5213 | D:6      | Killed Sigmund
  5326 | D:6      | Found Kiurahie's Book Shoppe.
  5366 | D:6      | Noticed Edmund
  5400 | D:6      | Killed Edmund
  5720 | D:6      | Found an ancient bone altar of Kikubaaqudgha.
  5724 | D:6      | Reached ** piety under Vehumet
  5724 | D:6      | Offered knowledge of Searing Ray by Vehumet.
  5725 | D:6      | Reached skill level 1 in Fighting
  5727 | D:6      | Reached XP level 9. HP: 48/48 MP: 14/16
  5917 | D:7      | Reached skill level 9 in Earth Magic
  5933 | D:7      | Reached skill level 5 in Spellcasting
  6065 | D:7      | Found a bloodstained altar of Trog.
  6305 | D:7      | Reached skill level 5 in Staves
  6353 | D:7      | Noticed a troll
  6365 | D:7      | Found a hazy altar of Hepliaklqana.
  6394 | D:7      | Killed a troll
  6555 | D:7      | Learned a level 2 spell: Searing Ray
  6583 | D:7      | Offered knowledge of Poisonous Vapours by Vehumet.
  6949 | D:7      | Reached skill level 10 in Earth Magic
  6954 | D:7      | Reached XP level 10. HP: 53/53 MP: 18/20
  7044 | D:7      | Reached *** piety under Vehumet
  7256 | D:7      | Found an ornate altar of the Wu Jian Council.
  7664 | D:8      | Reached skill level 5 in Evocations
  7740 | D:8      | Offered knowledge of Olgreb's Toxic Radiance by Vehumet.
  7869 | D:8      | Learned a level 4 spell: Olgreb's Toxic Radiance
  8429 | D:7      | Reached skill level 11 in Earth Magic
  8952 | D:9      | Reached **** piety under Vehumet
  9089 | D:9      | Offered knowledge of Hailstorm by Vehumet.
  9091 | D:9      | Reached XP level 11. HP: 57/57 MP: 19/23
  9112 | D:9      | Learned a level 3 spell: Hailstorm
  9116 | D:9      | Learned a level 3 spell: Swiftness
  9223 | D:9      | Found a hide-covered altar of Uskayaw.
  9306 | D:10     | Entered Level 10 of the Dungeon
  9419 | D:10     | Noticed a death yak
  9420 | D:10     | Noticed a death yak
  9559 | D:10     | Found a sparkling altar of Nemelex Xobeh.
  9559 | D:10     | Noticed Erolcha
  9565 | D:10     | Killed Erolcha
  9636 | D:10     | Found Hethesta's Antique Armour Shop.
  9644 | D:10     | Bought a glowing hat for 161 gold pieces
  9644 | D:10     | Bought a buckler for 103 gold pieces
  9703 | D:10     | Found a staircase to the Lair.
  9972 | D:10     | Killed a death yak
  9973 | D:10     | Reached skill level 12 in Earth Magic
  9976 | D:10     | Killed a death yak
 10530 | D:10     | Found a white marble altar of Elyvilon.
 10612 | D:10     | Noticed a death yak
 10625 | D:10     | Killed a death yak
 10858 | D:11     | Noticed a death yak
 10859 | D:11     | Noticed a death yak
 10859 | D:11     | Noticed a death yak
 10860 | D:11     | Noticed a death yak
 10860 | D:11     | Noticed a death yak
 10860 | D:11     | Noticed a death yak
 10860 | D:11     | Noticed a death yak
 10887 | D:11     | Found a gate leading to a gauntlet.
 10940 | Gauntlet | Entered a Gauntlet
 10940 | Gauntlet | Noticed a wizard
 10940 | Gauntlet | Found a transporter.
 10940 | Gauntlet | Found a transporter.
 10941 | Gauntlet | Found a transporter.
 10944 | Gauntlet | Found a transporter.
 10946 | Gauntlet | Found a transporter.
 10947 | Gauntlet | Noticed an orange crystal statue
 10954 | Gauntlet | Found a transporter.
 10954 | Gauntlet | Noticed a cacodemon
 11021 | Gauntlet | Found a transporter.
 11023 | Gauntlet | Found a large runed translucent door.
 11024 | Gauntlet | Found a large runed translucent door.
 11025 | Gauntlet | Found a large runed translucent door.
 11025 | Gauntlet | Found a large runed translucent door.
 11025 | Gauntlet | Found a runed translucent door.
 11025 | Gauntlet | Found a runed translucent door.
 11026 | Gauntlet | Found a large runed translucent door.
 11027 | Gauntlet | Found a large runed translucent door.
 11028 | Gauntlet | Found a large runed translucent door.
 11028 | Gauntlet | Found a large runed translucent door.
 11029 | Gauntlet | Found a runed translucent gate.
 11029 | Gauntlet | Found a runed translucent gate.
 11029 | Gauntlet | Found a runed translucent gate.
 11031 | Gauntlet | Found a transporter.
 11040 | Gauntlet | Found a large runed translucent door.
 11040 | Gauntlet | Found a large runed translucent door.
 11041 | Gauntlet | Found a large runed translucent door.
 11042 | Gauntlet | Found a large runed translucent door.
 11046 | Gauntlet | Found a transporter.
 11056 | Gauntlet | Found a transporter.
 11071 | Gauntlet | Found a transporter.
 11077 | Gauntlet | Found a transporter.
 11109 | Gauntlet | Found a large runed translucent door.
 11110 | Gauntlet | Found a large runed translucent door.
 11111 | Gauntlet | Found a large runed translucent door.
 11111 | Gauntlet | Found a large runed translucent door.
 11314 | Gauntlet | Killed a wizard
 11315 | Gauntlet | Reached skill level 10 in Spellcasting
 11395 | Gauntlet | Slain by a centaur warrior simulacrum

Illustrated notes

Levels and vault maps discovered:
D:1:      dpeg_arrival_long_road, layout_rooms
D:2:      layout_loops_corners, basic_altar
D:3:      cheibrodos_helix_gallery, layout_basic, marbit_many_paths,
          ebering_ghost_reflecting_pool, serial_shops,
          nicolae_shop_bloodbath_and_beyond, lightli_corner_chamber
D:4:      layout_loops_corners, nicolae_overflow_crystal_walls,
          minmay_temple_entry_ruins, gammafunk_ghost_necromancy,
          minmay_distorted
D:5:      layout_cave_pools, old_standard_altar, grunt_dithmenos_shadows,
          xom_teletrap_fun, lightli_temple_of_fire
D:6:      layout_basic, kennysheep_vampire_church, serial_shops,
          nicolae_shop_statue_plus, uniq_edmund, uniq_sigmund
D:7:      lemuel_castle_with_subvaults [lemuel_castle_interior_carwin_3],
          layout_basic, mainiacjoe_overflow_tiny_flanked, trog_book,
          nicolae_wu_jian_immortal_techniques
D:8:      layout_rooms, serial_park_tiny_2, nicolae_letterblocks
          [nicolae_letter_subblock, nicolae_letter_subblock,
          nicolae_letter_subblock, nicolae_letter_subblock,
          nicolae_letter_subblock, nicolae_letter_subblock,
          nicolae_letter_subblock, nicolae_letter_subblock,
          nicolae_letter_subblock, nicolae_letter_subblock,
          nicolae_letter_subblock, nicolae_letter_subblock,
          nicolae_letter_subblock, nicolae_letter_subblock,
          nicolae_letter_subblock, nicolae_letter_subblock,
          nicolae_letter_subblock, nicolae_letter_subblock,
          nicolae_letter_subblock, nicolae_letter_subblock,
          nicolae_letter_subblock, nicolae_letter_subblock,
          nicolae_letter_subblock, nicolae_letter_subblock,
          nicolae_letter_subblock]
D:9:      layout_roguey, nicolae_uskayaw_suspiria
D:10:     layout_basic, nicolae_elyvilon_temple_path,
          mainiacjoe_overflow_surrounded_room, dpeg_lair_monsters, serial_shops,
          shop, uniq_erolcha
D:11:     slaughterhouse, layout_irregular_city, orc_0_dummy,
          gauntlet_entry_generic
Temple:   hellmonk_temple_forest_ring
Gauntlet: gammafunk_gauntlet_shortcut [gammafunk_gauntlet_arena_split_x,
          gammafunk_gauntlet_arena_corners, nicolae_gauntlet_arena_quarters,
          minmay_gauntlet_arena_make_your_own_arena,
          nicolae_gauntlet_arena_t_cross, gammafunk_gauntlet_arena_mazey,
          nicolae_gauntlet_exit_dead_adventurers]

Skill      XL: |  1  2  3  4  5  6  7  8  9 10 11 |
---------------+----------------------------------+-----
Earth Magic    | 4 5 6 7 8 10 11 12 | 12.9
Spellcasting   | 3 4 6 8 10 | 10.0
Armour         | 1 2 3 |  3.1
Evocations     | 1 2 3 4 5 6 |  6.5
Staves         | 1 3 4 5 6 |  6.3
Stealth        | 3 |  3.8
Fighting       | 1 2 |  2.2
Dodging        | 2 |  2.4
Conjurations   | |  0.8
Transmutations | |  0.7

Action                     |  1- 3 |  4- 6 |  7- 9 | 10-12 || total
---------------------------+-------+-------+-------+-------++-------
  Melee: Dagger            |     1 |       |       |       ||     1
         Mace              |     8 |     1 |       |       ||     9
         Flail             |       |     3 |       |       ||     3
         Staff             |       |    48 |   257 |   157 ||   462
         Punch             |       |       |    10 |     2 ||    12
   Cast: Sandblast         |    42 |    43 |   103 |   187 ||   375
         Petrify           |       |       |     7 |     4 ||    11
         Stone Arrow       |       |       |     6 |    16 ||    22
         Searing Ray       |       |       |       |     6 ||     6
         Olgreb's Toxic Ra |       |       |       |     1 ||     1
         Swiftness         |       |       |       |     3 ||     3
    Use: Scroll            |       |       |    18 |     7 ||    25
         Potion            |       |       |     1 |       ||     1
   Stab: Sleeping          |     2 |       |       |       ||     2
         Petrified         |       |       |    83 |     8 ||    91
         Distracted        |       |       |     1 |       ||     1
         Petrifying        |       |       |       |     1 ||     1
 Armour: Robe              |     7 |       |       |       ||     7
         Leather armour    |     3 |    15 |    72 |       ||    90
         Troll leather arm |       |       |     8 |    96 ||   104
  Dodge: Dodged            |    23 |    28 |   113 |   123 ||   287
  Block: Buckler           |       |       |       |    11 ||    11

Table legend: (Time is in decaauts)
 A = Elapsed time spent in this place.
 B = Non-inter-level travel time spent in this place.
 C = Inter-level travel time spent in this place.
 D = Time resting spent in this place.
 E = Time spent auto-exploring this place.
 F = Levels seen in this place.
 G = Mean time per level.
                   A        B        C        D        E       F      G
               +--------+--------+--------+--------+--------+-----+--------+
         Total |  11580 |  11076 |    504 |   1749 |   6363 |  13 |  890.8 |
       Dungeon |  10933 |  10446 |    487 |   1749 |   6033 |  11 |  993.9 |
        Temple |    190 |    173 |     17 |      0 |    139 |   1 |  190.0 |
      Gauntlet |    455 |    455 |      0 |      0 |    191 |   1 |  455.0 |
               +--------+--------+--------+--------+--------+-----+--------+

Top non-repeatable levels by time:
     D:7: 1984 daAuts
     D:4: 1588 daAuts
    D:10: 1534 daAuts
     D:2: 1013 daAuts
     D:6: 949 daAuts
     D:9: 896 daAuts
     D:3: 789 daAuts
     D:1: 783 daAuts
     D:5: 660 daAuts
     D:8: 647 daAuts
Gauntlet: 455 daAuts
  Temple: 190 daAuts
    D:11: 87 daAuts
